 Dungeon Crawl Stone Soup version 0.18.1-48-g4cf74bf (console) character file.

1684 Kloppie the Fighter (level 8, -2/75 HPs)
             Began as a Minotaur Abyssal Knight on July 8, 2016.
             Was a High Priest of Lugonu.
             Slain by Pikel
             ... wielding a +0 whip of electrocution
              (19 damage)
             ... on level 5 of the Dungeon.
             The game lasted 00:08:50 (5305 turns).

Kloppie the Fighter (Minotaur Abyssal Knight)       Turns: 5305, Time: 00:08:51

Health: -2/75      AC: 17    Str: 19    XL:     8   Next: 71%
Magic:  8/8        EV:  6    Int:  9    God:    Lugonu [*****.]
Gold:   492        SH:  0    Dex: 10    Spells: 0 memorised, 7 levels left

rFire  . . .     SeeInvis .     f - +0 flail
rCold  . . .     Gourm    +     h - +0 plate armour
rNeg   . . .     Faith    .     (no shield)
rPois  .         Spirit   .     (helmet restricted)
rElec  .         Dismiss  .     w - +0 cloak
rCorr  .         Reflect  .     D - +1 pair of gloves
SustAt +         Harm     .     (no boots)
MR     +....                    t - amulet of the gourmand
Stlth  ..........               v - ring of sustain attributes
                                m - ring of protection from magic

@: somewhat resistant to hostile enchantments, extremely unstealthy
A: retaliatory headbutt, horns 2
a: Depart the Abyss, Bend Space, Banish, Corrupt, Enter the Abyss, Renounce
Religion


You were on level 5 of the Dungeon.
You worshipped Lugonu.
Lugonu was extremely pleased with you.
You were very full.

You visited 1 branch of the dungeon, and saw 5 of its levels.
You visited the Abyss 1 time.
You also visited: Ossuary.

You collected 492 gold pieces.

Inventory:

Hand Weapons
 a - a +2 mace
 f - a +0 flail (weapon)
Armour
 h - a +0 plate armour (worn)
 w - a +0 cloak (worn)
 D - a +1 pair of gloves (worn)
Jewellery
 m - a ring of protection from magic (left hand)
 t - an amulet of the gourmand (around neck)
 v - a ring of sustain attributes (right hand)
Scrolls
 n - a scroll of teleportation
 x - 2 scrolls of remove curse
Potions
 b - a potion of lignification
 d - 2 potions of flight
 e - a potion of resistance
 g - a potion of might
 j - 5 potions of curing
 k - 2 potions of haste
 l - 2 potions of cure mutation {unknown}
 o - 2 potions of degeneration {unknown}
 p - 3 potions of mutation {unknown}
 q - a potion of ambrosia {unknown}
 r - 3 potions of beneficial mutation {unknown}
 s - a potion of invisibility {unknown}
 u - 3 potions of heal wounds {unknown}
 z - a potion of cancellation {unknown}
 A - a potion of berserk rage {unknown}
Books
 y - a book of the Warp

   Spells                             Type                      Level
   a - Recall                         Summoning/Translocation      3
   b - Gell's Gravitas                Hexes/Translocation          3
   c - Force Lance                    Conjuration/Translocation    4
   d - Warp Weapon                    Charms/Translocation         5
   e - Summon Forest                  Summoning/Translocation      5
Comestibles
 c - 7 bread rations
 i - 5 meat rations
 B - 2 slices of pizza


   Skills:
 + Level 8.7 Fighting
 + Level 8.2 Maces & Flails
 + Level 7.7 Armour
 - Level 1.1 Dodging
 - Level 1.7 Invocations


You had 7 spell levels left.
You didn't know any spells.

Dungeon Overview and Level Annotations

Branches:
Dungeon (5/15)
 Temple: D:4-7

Altars:
Elyvilon
Gozag
Kikubaaqudgha
Okawaru
Pakellas
Trog
Xom

Annotations:
D:5 Pikel


Innate Abilities, Weirdness & Mutations

You reflexively headbutt those who attack you in melee.
You have a pair of horns on your head.


Message History

Pikel hits you but does no damage.
You sock Pikel!
Pikel is heavily wounded.
Pikel barely misses you. You furiously retaliate!
You headbutt Pikel. You closely miss Pikel.
Pikel is heavily wounded.
Pikel barely misses you.
You closely miss Pikel.
Pikel is heavily wounded.
Pikel hits you but does no damage.
You are electrocuted!
You hit Pikel.
Pikel is heavily wounded.
Pikel hits you with a whip of electrocution.
* * * LOW HITPOINT WARNING * * *
You are electrocuted!
* * * LOW HITPOINT WARNING * * *
You closely miss Pikel. You headbutt Pikel.
Pikel is severely wounded.
Pikel hits you but does no damage.
You are electrocuted!
You die...

,,,** *,*
#........[..#
*,*,*** #.#
#.###########
,_,,,,* #.# #.#
*,*,*,* #.# #.#
,,,*,,*** #.# #.#
*,*,,,,,* #.# #.#
*,*****,* #.# #.#
,,,**##.#####.###.#
*,,,,.[......ppK@.#
*,,,*##.#####p#####
*,,,* *,* #.#
*,,,***,****#.#
*,*,,,,,,,,,..#
*,,,***,****###
*,*,* *,* ,,,,***,*
,,,,,,,,*


You could see Pikel and 3 slaves.

Vanquished Creatures
  The ghost of Wardy2 the Sneak, a novice HEEn (D:4)
  Sigmund (D:2)
  A slave (D:5)
  An ogre (D:5)
  2 phantoms
  A sky beast (D:5)
  6 scorpions
  A centaur skeleton (D:4)
  2 hounds
  An orc priest (D:4)
  3 orc wizards
  Ijyb (D:4)
  Terence (D:2)
  2 iguanas
  A big kobold zombie (Ossuary)
  8 mummies (Ossuary)
  8 adders
  2 oozes
  3 worms
  2 dart slugs
  3 giant geckos
  15 orcs
  A ball python (D:4)
  17 bats
  8 giant cockroaches
  A gnoll zombie (Ossuary)
  17 goblins
  3 hobgoblins
  14 jackals
  2 quokkas
  6 giant newts
  2 hobgoblin zombies (Ossuary)
  A jackal skeleton (D:4)
  7 kobolds
  A kobold zombie (Ossuary)
  3 orc zombies (Ossuary)
  A quokka skeleton (D:4)
  10 rats
160 creatures vanquished.

Notes
Turn   | Place    | Note
--------------------------------------------------------------
     0 | Abyss:1  | Kloppie the Minotaur Abyssal Knight began the quest for the Orb.
     0 | Abyss:1  | Reached XP level 1. HP: 19/19 MP: 1/1
     0 | D:1      | Escaped the Abyss
    99 | D:1      | Reached * piety under Lugonu
   124 | D:1      | Reached XP level 2. HP: 14/27 MP: 2/2
   797 | D:1      | Reached XP level 3. HP: 33/33 MP: 3/3
   991 | D:2      | Found an oddly glowing altar of Pakellas.
   991 | D:2      | Noticed Terence
  1005 | D:2      | Killed Terence
  1005 | D:2      | Reached ** piety under Lugonu
  1138 | D:2      | Found an ancient bone altar of Kikubaaqudgha.
  1221 | D:2      | Reached XP level 4. HP: 41/41 MP: 4/4
  1267 | D:2      | Found a bloodstained altar of Trog.
  1269 | D:2      | Found a shimmering altar of Xom.
  1353 | D:2      | Noticed Sigmund
  1526 | D:2      | Killed Sigmund
  1526 | D:2      | Reached skill level 5 in Fighting
  1526 | D:2      | Reached XP level 5. HP: 27/48 MP: 5/5
  1884 | D:2      | Found an opulent altar of Gozag.
  2103 | D:3      | Found a white marble altar of Elyvilon.
  2297 | D:3      | Reached XP level 6. HP: 56/56 MP: 6/6
  2650 | D:3      | Reached *** piety under Lugonu
  2750 | D:3      | Reached skill level 5 in Maces & Flails
  2949 | D:4      | Reached skill level 5 in Armour
  3174 | D:4      | Noticed Wardy2's ghost (novice HEEn)
  3177 | D:4      | Reached XP level 7. HP: 60/63 MP: 7/7
  3209 | D:4      | Killed Wardy2's ghost
  3326 | D:4      | Reached **** piety under Lugonu
  3337 | D:4      | Noticed Ijyb
  3347 | D:4      | Killed Ijyb
  3462 | D:4      | Found an iron altar of Okawaru.
  3474 | D:4      | Found a sand-covered staircase.
  3479 | Ossuary  | Entered an ossuary
  4251 | D:4      | Reached XP level 8. HP: 62/73 MP: 8/8
  4497 | D:5      | Entered Level 5 of the Dungeon
  4805 | D:5      | Reached ***** piety under Lugonu
  5284 | D:5      | Noticed Pikel
  5305 | D:5      | Slain by Pikel

Skill      XL: |  1  2  3  4  5  6  7  8 |
---------------+-------------------------+-----
Maces & Flails | 3 4 5 6 8 |  8.2
Armour         | 3 4 5 6 7 |  7.7
Fighting       | 4 5 6 7 8 |  8.7
Dodging        | |  1.1
Invocations    | |  1.7

Action                   |  1- 3 |  4- 6 |  7- 9 || total
-------------------------+-------+-------+-------++-------
Melee: Mace              |   105 |   118 |       ||   223
       Headbutt          |     7 |    22 |    51 ||    80
       Flail             |       |    45 |   254 ||   299
Invok: Depart the Abyss  |     1 |       |       ||     1
  Use: Scroll            |       |     8 |     6 ||    14
       Potion            |       |       |     1 ||     1
  Eat: Chunk             |     1 |    19 |     7 ||    27
Armor: Leather armour    |    17 |       |       ||    17
       Plate armour      |    66 |   122 |   172 ||   360
Dodge: Dodged            |    46 |    54 |    72 ||   172
